 Dungeon Crawl Stone Soup version 0.23-a0-290-g290e36d (webtiles) character file.

81 Garbasso the Chiller (level 4, -5/30 HPs)
             Began as a Barachi Ice Elementalist on Oct 2, 2018.
             Slain by a gnoll
             ... wielding a +0 halberd
              (13 damage)
             ... on level 2 of the Dungeon on Oct 3, 2018.
             The game lasted 00:12:17 (2242 turns).

Garbasso the Chiller (Barachi Ice Elementalist)     Turns: 2242, Time: 00:12:17

Health: -5/30      AC:  3    Str: 10    XL:     4   Next: 42%
Magic:  1/8        EV: 12    Int: 15    God:
Gold:   135        SH:  0    Dex: 13    Spells: 6/9 levels left

rFire    . . .     SeeInvis .   (no weapon)
rCold    . . .     Gourm    .   (no shield)
rNeg     . . .     Faith    .   a - +0 robe
rPois    .         Spirit   .   (no helmet)
rElec    .         Reflect  .   (no cloak)
rCorr    .         Harm     .   e - +0 pair of gloves
MR       .....                  (no boots)
Stlth    ++........             (no amulet)
HPRegen  0.10/turn              (no ring)
MPRegen  0.11/turn              (no ring)

@: can't hop, slow
A: +LOS, swims, slowness 1, strong legs 1
a: Hop


You were on level 2 of the Dungeon.
You were not hungry.

You visited 1 branch of the dungeon, and saw 3 of its levels.

You collected 135 gold pieces.

Inventory:

Missiles
 j - 19 poisoned needles
Armour
 a - a +0 robe (worn)
 e - a +0 pair of gloves (worn)
 r - a +0 leather armour
Jewellery
 g - an uncursed ring of magical power {unknown}
 t - an uncursed amulet of harm {unknown}
Scrolls
 b - 2 scrolls of immolation {unknown}
 d - a scroll of magic mapping {unknown}
 f - 2 scrolls of random uselessness {unknown}
 h - a scroll of fog {unknown}
 i - 2 scrolls of teleportation {unknown}
 m - a scroll of identify {unknown}
 s - 2 scrolls of noise {unknown}
Potions
 k - a potion of heal wounds {unknown}
 l - a potion of berserk rage {unknown}
 n - 2 potions of magic {unknown}
 p - a potion of ambrosia {unknown}
 q - a potion of curing {unknown}
Comestibles
 c - 4 rations


   Skills:
 - Level 2.1 Dodging
 - Level 1.7 Stealth
 + Level 3.0 Spellcasting
 + Level 2.1 Conjurations
 * Level 5.2 Ice Magic


You had 6 spell levels left.
You knew the following spells:

 Your Spells              Type           Power        Failure   Level  Hunger
a - Freeze                Ice            ###.         2%          1    #......
b - Throw Frost           Conj/Ice       ##....       7%          2    ##.....

Your spell library contained the following spells:

 Spells                   Type           Power        Failure   Level  Hunger
 Ozocubu's Armour         Chrm/Ice       ##......     21%         3    ###....
 Throw Icicle             Conj/Ice       ##......     41%         4    #####..
 Summon Ice Beast         Ice/Summ       ##......     56%         4    #####..


Dungeon Overview and Level Annotations

Branches:
Dungeon (3/15)

Altars:


Innate Abilities, Weirdness & Mutations

Shadows flee at your approach. (+LOS)
You can swim through water.
You cover ground slowly.
You can hop short distances.


Message History

Aiming: Freeze (safe; 2% risk of failure)
Press: ? - help, Shift-Dir - straight line, f/p - gnoll
Aim: a gnoll, wielding a flail (heavily wounded)
You freeze the gnoll.
You kill the gnoll!
Your Spellcasting skill increases to level 3!
The gnoll closely misses you.
Hop to where?
Press: ? - help, Dir - move target cursor Boing!
The gnoll misses you.
Casting: Freeze (safe; 2% risk of failure)
Confirm with . or Enter, or press ? or * to list all spells.
Aiming: Freeze (safe; 2% risk of failure)
Press: ? - help, Shift-Dir - straight line, f - gnoll
Aim: a gnoll, wielding a halberd (almost dead)
You freeze the gnoll.
The gnoll is almost dead.
The gnoll hits you with a halberd!
You die...

#...........# #.#
#>.##
######.......#####
#.# #..#
.....<.....<.# #.#
#..# #####.......#
#.# #..# ##.....##
#.#######..#
##...##
######..........#
#####
#..........######
#.########## #@#
#g# #g# #.# #)#
#.# #.# #.# ..#


You could see 2 gnolls.

Vanquished Creatures
  A gnoll (D:2)
  2 adders (D:2)
  An ooze (D:2)
  2 dart slugs
  2 leopard geckos (D:2)
  A ball python (D:1)
  4 giant cockroaches
  6 hobgoblins
  6 kobolds
  A quokka (D:2)
  5 bats
  7 frilled lizards
  3 goblins
  3 rats
44 creatures vanquished.

Notes
Turn   | Place    | Note
-------+----------+-------------------------------------------
     0 | D:1      | Garbasso the Barachi Ice Elementalist began the quest for
                  | the Orb.
     0 | D:1      | Reached XP level 1. HP: 13/13 MP: 3/3
    82 | D:1      | Upgraded the game from 0.23-a0-275-g0cf4261 to
                  | 0.23-a0-290-g290e36d
   285 | D:1      | Reached skill level 4 in Ice Magic
   328 | D:1      | Reached XP level 2. HP: 19/19 MP: 1/5
   385 | D:1      | Learned a level 2 spell: Throw Frost
  1335 | D:2      | Reached XP level 3. HP: 24/24 MP: 4/6
  1770 | D:2      | Reached skill level 5 in Ice Magic
  1770 | D:2      | Reached XP level 4. HP: 26/30 MP: 6/8
  2242 | D:2      | Slain by a gnoll

Vault maps used:
D:1:      dpeg_arrival_tiny_i, hex_tiny
D:2:      kb_forest_paths
D:3:      kennysheep_cross_bottleneck

Skill      XL: |  1  2  3  4 |
---------------+-------------+-----
Ice Magic      | 4 5 |  5.2
Conjurations   | 2 |  2.1
Spellcasting   | 3 |  3.0
Dodging        | |  2.1
Stealth        | |  1.7

Action                   |  1- 3 |  4- 6 || total
-------------------------+-------+-------++-------
Melee: Unarmed           |    26 |       ||    26
 Cast: Freeze            |    46 |    20 ||    66
       Throw Frost       |     3 |     2 ||     5
 Abil: Hop               |       |     1 ||     1
 Stab: Sleeping          |     2 |       ||     2
  Eat: Chunk             |     1 |     1 ||     2
       Ration            |     1 |       ||     1
Armor: Robe              |    12 |     4 ||    16
Dodge: Dodged            |    47 |    15 ||    62

Table legend:
 A = Non-vault XP
 B = Vault XP
 C = Vault XP percentage of total XP
 D = Non-vault monster count
 E = Vault monster count
 F = Vault count percentage of total count
                 A         B        C        D         E       F
            +---------+---------+-------+---------+---------+-------
      Total |     103 |      14 |  12.0 |      38 |       6 |  13.6
            +---------+---------+-------+---------+---------+-------
        D:1 |      33 |       0 |   0.0 |      19 |       0 |   0.0
        D:2 |      70 |      14 |  16.7 |      19 |       6 |  24.0
            +---------+---------+-------+---------+---------+-------
